[Event "Early-Titled-Tuesday-Blitz-October-10-2023"]
[Site "Chess.com"]
[Date "2023.10.10"]
[Round "3"]
[White "GiorgianBarbosa"]
[Black "Alphafischer2019"]
[Result "0-1"]
[WhiteElo "2410"]
[BlackElo "2595"]
[TimeControl "180+1"]
[EndTime "8:27:23 PDT"]
[Termination "Alphafischer2019 won by checkmate"]

1. c4 Nf6 2. g3 e5 3. Bg2 d6 4. Nc3 g6 5. e4 Bg7 6. d3 O-O 7.
Nge2 Nc6 8. O-O a5 9. h3 Nh5 10.
g4 Nf6 11. f4 exf4 12. Bxf4 Nd7 13. Qd2 Nde5 14. Nd5 Be6 15. Bg5 f6 16. Be3 b6 17.
b3 Bxd5 18. cxd5 Ne7 19. Nd4 Qd7 20. Ne6 Nf7 21. Rac1 Rac8 22. d4 Bh8 23. Nxf8 Rxf8 24.
Rc3 f5 25. gxf5 gxf5 26. Bh6 Nxh6 27. Qxh6 Bxd4+ 28. Re3 f4 29. Kh1 Bxe3 30. Qg5+ Ng6 31. e5 dxe5 32. Be4 Qxh3# 0-1

[Event "Early-Titled-Tuesday-Blitz-October-10-2023"]
[Site "Chess.com"]
[Date "2023.10.10"]
[Round "3"]
[White "a-z30"]
[Black "scarabee43"]
[Result "0-1"]
[WhiteElo "2503"]
[BlackElo "2792"]
[TimeControl "180+1"]
[EndTime "8:27:25 PDT"]
[Termination "scarabee43 won on time"]

1. d3 d5 2. Nf3 Nf6 3. g3 Bg4 4. Bg2 Nc6 5. h3 Bh5 6. O-O e5 7. Bg5 h6 8. Bxf6 Qxf6 9. Nc3 O-O-O 10. e4 dxe4 11. Nxe4 Qe6 12. g4 Bg6 13. Nh4 Bh7 14.
c3 Be7 15. Nf5 Bxf5 16. gxf5 Qxf5 17. Qa4 Rxd3 18. Ng3 Qe6 19. Be4 Rxg3+ 20. fxg3 g6 21. Kg2 f5 22. Bxc6 Qxc6+ 23. Qxc6 bxc6 24. g4 Rf8 25.
Rae1 e4 26. Re2 Bd6 27. h4 h5 28. gxh5 gxh5 29. Kh3 Kd7 30. b4 Ke6 31. Rg1 Kd5 32.
Rd1+ Kc4 33. Re3 c5 34. a3 Bf4 35. Re2 Rg8 36. bxc5 Rg3+ 37. Kh2 Re3+ 0-1

[Event "Early-Titled-Tuesday-Blitz-October-10-2023"]
[Site "Chess.com"]
[Date "2023.10.10"]
[Round "3"]
[White "JSlaby"]
[Black "KatakuriDono"]
[Result "1-0"]
[WhiteElo "2576"]
[BlackElo "2339"]
[TimeControl "180+1"]
[EndTime "8:27:25 PDT"]
[Termination "JSlaby won by resignation"]

1. Nf3 d5 2. c4 e6 3. d4 Nf6 4.
Nc3 dxc4 5. g4 Nxg4 6. e4 a6 7.
Bxc4 b5 8. Bd3 Bb7 9. Rg1 Nf6 10. Bg5 Be7 11. Bxf6 gxf6 12. Qb3 c5 13. O-O-O c4 14. Bxc4 bxc4 15. Qxb7 Nd7 16. d5 Nc5 17. Qc6+ Kf8 18. dxe6 Nd3+ 19. Rxd3 cxd3 20. exf7 Rc8 21. Qxa6 Qc7 22.
Nd4 Qd7 23. Kd2 Kxf7 24. Qxd3 Rhd8 25. Nd5 Bb4+ 26. Ke2 Bc5 27. Nf5 Bf8 28. Qb3 Qe6 29. f3 Rb8 30. Qc2 Rxd5 31. Qc7+ Rd7 32. Qxb8 Qxa2 33.
Rc1 Qa6+ 34. Ke1 Bb4+ 35. Qxb4 1-0

[Event "Early-Titled-Tuesday-Blitz-October-10-2023"]
[Site "Chess.com"]
[Date "2023.10.10"]
[Round "3"]
[White "mortngabriel"]
[Black "Ariadna_Atreides"]
[Result "1-0"]
[WhiteElo "2539"]
[BlackElo "2207"]
[TimeControl "180+1"]
[EndTime "8:27:25 PDT"]
[Termination "mortngabriel won on time"]

1. d4 Nf6 2. Nf3 e6 3. c4 Bb4+ 4. Bd2 Bxd2+ 5. Qxd2 O-O 6. Nc3 d5 7. e3 Qe7 8. cxd5 exd5 9. Bd3 Nc6 10. Rc1 Bg4 11.
O-O Bxf3 12. gxf3 Rfd8 13. Ne2 Nh5 14. Ng3 Qh4 15. Rc5 Rd6 16. Rfc1 Rad8 17. b4 a6 18. a4 Rh6 19. b5 Nf4 20. exf4 Nxd4 21. Bxh7+ Rxh7 22.
Qxd4 Qxh2+ 23. Kf1 Re8 24. Ne2 Qh3+ 25. Ke1 1-0

[Event "Early-Titled-Tuesday-Blitz-October-10-2023"]
[Site "Chess.com"]
[Date "2023.10.10"]
[Round "3"]
[White "AlexPapasimakopoulos"]
[Black "GMBenjaminBok"]
[Result "0-1"]
[WhiteElo "2710"]
[BlackElo "3016"]
[TimeControl "180+1"]
[EndTime "8:27:26 PDT"]
[Termination "GMBenjaminBok won by resignation"]

1. d4 Nf6 2. c4 e6 3. Nc3 Bb4 4. Qc2 d5 5. cxd5 exd5 6. Bg5 h6 7. Bxf6 Qxf6 8. e3 O-O 9. Qb3 Bxc3+ 10. Qxc3 c6 11. Nf3 Bf5 12. Be2 Nd7 13. O-O a5 14. a3 Rfe8 15. b4 axb4 16. axb4 Bg4 17. h3 Bh5 18.
Rfc1 Rec8 19. Rxa8 Rxa8 20. Ra1 Qd8 21. Ra3 Nf6 22.
Qa1 Rxa3 23. Qxa3 Ne4 24. Qa7 Qe7 25. Qb6 Nc3 26. Kf1 Qe4 27. Qd8+ Kh7 28. g4 Qc2 29.
gxh5 Qxe2+ 30. Kg2 Nd1 31. Qh4 Nxe3+ 32. Kh2 Qxf3 33. fxe3 Qe2+ 34. Kh1 Qxe3 35. Qd8 Qxh3+ 36. Kg1 Qg4+ 37. Kf1 Qxh5 38. Qe7 b5 39. Qc7 Qd1+ 40. Kg2 Qxd4 41. Qxc6 Qxb4 42. Qxd5 Qg4+ 43. Kf2 Qf4+ 44. Kg2 b4 45. Qd3+ g6 46. Qd5 h5 47. Kh3 Qf5+ 48. Kh4 Qxd5 0-1

[Event "Early-Titled-Tuesday-Blitz-October-10-2023"]
[Site "Chess.com"]
[Date "2023.10.10"]
[Round "3"]
[White "VincentKeymer"]
[Black "play1ngtheangel"]
[Result "0-1"]
[WhiteElo "3088"]
[BlackElo "2651"]
[TimeControl "180+1"]
[EndTime "8:27:26 PDT"]
[Termination "play1ngtheangel won by resignation"]

1. Nf3 Nf6 2. c4 e6 3. Nc3 d5 4. e3 c5 5. cxd5 exd5 6. Bb5+ Bd7 7. Bxd7+ Nbxd7 8. O-O Bd6 9. d4 c4 10. b3 O-O 11.
bxc4 dxc4 12. Rb1 a5 13. a3 Re8 14. Rxb7 Nb6 15. e4 Nxe4 16. Nxe4 Rxe4 17. Bg5 f6 18.
Qb1 Re6 19. Bh4 Bxa3 20. Qf5 Qd5 21. Qg4 Bf8 22. Rc7 Rc6 23. Rxc6 Qxc6 24. h3 c3 25. Rc1 Nd5 26. Qe4 Rc8 27. Ne1 Re8 28. Qd3 Nb4 29. Qf1 Qe4 30. Nd3 Qxd3 31. Qxd3 Nxd3 32.
Rxc3 Re1+ 33. Kh2 Bd6+ 34. Bg3 Nxf2 35. Rc8+ Kf7 36. Bxd6 Rh1+ 37. Kg3 Ne4+ 38. Kf3 Nxd6 39. Ra8 Ra1 0-1

[Event "Early-Titled-Tuesday-Blitz-October-10-2023"]
[Site "Chess.com"]
[Date "2023.10.10"]
[Round "3"]
[White "Shuvalov"]
[Black "karinachess1"]
[Result "1-0"]
[WhiteElo "2478"]
[BlackElo "2626"]
[TimeControl "180+1"]
[EndTime "8:27:27 PDT"]
[Termination "Shuvalov won by checkmate"]

1. d4 Nf6 2. c4 e6 3. Nc3 d5 4. Nf3 Be7 5. Bf4 O-O 6. e3 b6 7. cxd5 Nxd5 8. Nxd5 Qxd5 9. a3 Ba6 10. Bxa6 Nxa6 11.
O-O c5 12. Qa4 Qb7 13. Rfd1 b5 14. Qa5 c4 15. e4 Rfd8 16. d5 exd5 17. exd5 Nc5 18.
d6 Bf6 19. Qc7 Rd7 20. Qxc5 Bxb2 21. Rab1 c3 22. Ne5 Rdd8 23. d7 f6 24. Qc6 Rab8 25.
Qe6+ Kh8 26. Nf7+ Kg8 27. Nh6+ Kh8 28. Qg8+ Rxg8 29. Nf7# 1-0

[Event "Early-Titled-Tuesday-Blitz-October-10-2023"]
[Site "Chess.com"]
[Date "2023.10.10"]
[Round "3"]
[White "Ural_bogatyr"]
[Black "Zhani-Z"]
[Result "1-0"]
[WhiteElo "2532"]
[BlackElo "2200"]
[TimeControl "180+1"]
[EndTime "8:27:28 PDT"]
[Termination "Ural_bogatyr won by checkmate"]

1. d4 Nf6 2. Nc3 d5 3. Bf4 a6 4. e3 h6 5. Nf3 e6 6. Ne5 c5 7. g4 Nc6 8. Bg2 cxd4 9. exd4 Bb4 10. h4 Qa5 11. Nxc6 Bxc3+ 12. bxc3 Qxc3+ 13. Bd2 Qxc6 14. g5 hxg5 15. hxg5 Rxh1+ 16. Bxh1 Ne4 17. Bxe4 dxe4 18. Qh5 Qd6 19. g6 Qe7 20. Rb1 Bd7 21. Bb4 fxg6 22. Qh8+ Kf7 23. Qxa8 Qh4 24. Qf8# 1-0

[Event "Early-Titled-Tuesday-Blitz-October-10-2023"]
[Site "Chess.com"]
[Date "2023.10.10"]
[Round "3"]
[White "vishwa_vijeta"]
[Black "Iball95"]
[Result "0-1"]
[WhiteElo "2552"]
[BlackElo "2781"]
[TimeControl "180+1"]
[EndTime "8:27:30 PDT"]
[Termination "Iball95 won by resignation"]

1. e4 c5 2. Nf3 e6 3. d4 cxd4 4.
Nxd4 Nf6 5. Nc3 Nc6 6. Ndb5 Bc5 7.
Bf4 O-O 8. Bc7 Qe7 9. Bd6 Bxd6 10. Qxd6 Qd8 11. Nc7 Rb8 12. e5 Ne8 13. Nxe8 Rxe8 14.
f4 b5 15. Be2 b4 16. Ne4 Rb6 17. Qc5 Ne7 18. Nd6 Rf8 19. Bf3 Ba6 20. O-O-O Qb8 21.
Kb1 Nc8 22. Ne4 Bb5 23. g3 Bc6 24. Rhe1 Rb5 25. Qe3 Ne7 26. Nd6 Bxf3 27. Qxf3 Rd5 28. Rxd5 Nxd5 29. Ka1 f6 30. exf6 Qxd6 31. fxg7 Kxg7 32.
Qd3 Qc5 33. Qe4 Nf6 34. Qd3 Rc8 35. Kb1 a5 36. Qe2 Qc4 37. Qd2 Qd5 38. Qc1 a4 39. Re5 Qd4 40. b3 a3 41. Rh5 Nxh5 42. f5 0-1

[Event "Early-Titled-Tuesday-Blitz-October-10-2023"]
[Site "Chess.com"]
[Date "2023.10.10"]
[Round "3"]
[White "GMZaven"]
[Black "valemava"]
[Result "1-0"]
[WhiteElo "2658"]
[BlackElo "2274"]
[TimeControl "180+1"]
[EndTime "8:27:30 PDT"]
[Termination "GMZaven won by resignation"]

1. e4 c5 2. Nc3 Qa5 3. Nf3 a6 4. d4 b5 5. dxc5 e6 6. Be3 b4 7. Ne2 Bxc5 8. Ned4 Qb6 9. Bd3 Bb7 10. O-O Nc6 11. c3 Nge7 12. a3 bxa3 13. b4 Bxd4 14.
Nxd4 Qc7 15. Rxa3 O-O 16. Qh5 Ne5 17. Bb1 Nc4 18. Ra2 Nxe3 19. fxe3 Ng6 20. Ne2 Qe5 21. Qf3 f5 22. Qg3 Qxg3 23. Nxg3 f4 24. exf4 Nxf4 25. Rd2 Bc6 26. h3 a5 27. bxa5 Rxa5 28. Rdf2 Ng6 29.
Rxf8+ Nxf8 30. Bd3 Ra3 31. Ne2 Ng6 32. Bb1 Ne5 33.
Rc1 Bb5 34. Nd4 Bc4 35. Kf2 Ra8 36. Ke3 Rb8 37. Bc2 Rc8 38. Ra1 Rc7 39. Nf3 Nxf3 40. gxf3 e5 41. h4 Be6 42. Kd2 Kf7 43. Ra6 Kg6 44. Bb3 Kh5 45. Bxe6 dxe6 46. Rxe6 Rc5 47. Re7 Kh6 48. h5 g6 49. hxg6 Kxg6 50. Kd3 h5 51. c4 h4 52. Re8 Kg5 53. Rg8+ Kf4 54. Rg4+ Kxf3 55. Rxh4 Rc8 56. Kc3 Ke3 57. Rg4 Ra8 58. c5 Ra1 59. Kc4 Rc1+ 60. Kd5 Kf3 61.
Rh4 Kg3 62. Rh5 Kf4 63. Rf5+ Ke3 64. Rxe5 Rd1+ 65. Ke6 Kd4 66. Rd5+ Kxe4 67. Rxd1 1-0

[Event "Early-Titled-Tuesday-Blitz-October-10-2023"]
[Site "Chess.com"]
[Date "2023.10.10"]
[Round "3"]
[White "sergiochess83"]
[Black "zimmm36"]
[Result "0-1"]
[WhiteElo "2884"]
[BlackElo "2684"]
[TimeControl "180+1"]
[EndTime "8:27:32 PDT"]
[Termination "zimmm36 won by resignation"]

1. d4 d5 2. c4 e6 3. Nc3 Nf6 4. cxd5 Nxd5 5. e4 Nxc3 6. bxc3 c5 7. Rb1 Be7 8. Nf3 O-O 9. Bd3 Nc6 10. d5 Na5 11. c4 b5 12. cxb5 c4 13. Bc2 exd5 14.
Qxd5 Qxd5 15. exd5 Bb7 16. Bd2 Bd8 17. O-O c3 18.
Bxc3 Rc8 19. Bxa5 Bxa5 20. Bb3 Bb6 21. Ne5 Rcd8 22. Nc6 Rd6 23. Rfe1 g6 24. a4 Rf6 25.
Re2 a5 26. g3 g5 27. Kg2 Kg7 28. f3 Bc8 29. Bc2 h5 30. Rd1 Bc5 31. Nxa5 h4 32. Be4 Rh6 33. Nc6 hxg3 34. hxg3 Bh3+ 0-1

[Event "Early-Titled-Tuesday-Blitz-October-10-2023"]
[Site "Chess.com"]
[Date "2023.10.10"]
[Round "3"]
[White "ExcitingTrap"]
[Black "Hasangatin_Ramil"]
[Result "0-1"]
[WhiteElo "2474"]
[BlackElo "2721"]
[TimeControl "180+1"]
[EndTime "8:27:32 PDT"]
[Termination "Hasangatin_Ramil won on time"]

1. e4 d5 2. exd5 Qxd5 3. d4 Qe6+ 4. Be2 Nf6 5. Nf3 c6 6. O-O g6 7.
Bf4 Bg7 8. Re1 O-O 9. c4 Qf5 10. Bg3 Qa5 11. Nbd2 Bg4 12. h3 Bxf3 13. Nxf3 Nbd7 14.
Qc2 e6 15. Bd6 Rfe8 16. b4 Qd8 17. Bd3 a6 18. a4 Nf8 19. Be5 Nh5 20. Rad1 Bxe5 21. dxe5 Qe7 22. Qc3 Red8 23. Be4 Rxd1 24. Rxd1 Rd8 25. Rxd8 Qxd8 26. Kh2 Qd1 27. Qc2 Qxc2 28.
Bxc2 Nd7 29. Be4 Nb6 30. b5 cxb5 31. cxb5 Nxa4 32. Nd4 Nc5 33. Bxb7 axb5 34. Bf3 b4 35. Bd1 Nf4 36. Kg3 Nfd3 37. f4 g5 38. fxg5 Nxe5 39. Kf4 Nc4 40. Nb3 Nxb3 41. Bxb3 Na5 42. Bc2 b3 43.
Bd3 b2 44. Ke3 Nc4+ 45. Ke2 Na3 46. Kd2 b1=Q 47. Bxb1 Nxb1+ 48. Kc2 Na3+ 0-1

[Event "Early-Titled-Tuesday-Blitz-October-10-2023"]
[Site "Chess.com"]
[Date "2023.10.10"]
[Round "3"]
[White "ChessRespected"]
[Black "ilya2700"]
[Result "1-0"]
[WhiteElo "2564"]
[BlackElo "2304"]
[TimeControl "180+1"]
[EndTime "8:27:33 PDT"]
[Termination "ChessRespected won by resignation"]

1. d4 d5 2. Nf3 Nf6 3. e3 c6 4.
c4 e6 5. Nc3 Nbd7 6. Bd3 dxc4 7. Bxc4 b5 8. Bd3 Bd6 9. a4 b4 10. Ne4 Nxe4 11. Bxe4 Bb7 12. a5 a6 13. Qa4 Qc7 14.
Bd2 O-O 15. Bxb4 c5 16. Bxb7 Qxb7 17. dxc5 Bxc5 18. Bc3 Nf6 19. Bxf6 gxf6 20. O-O Qxb2 21. Rac1 Qb4 22. Qd7 Rfd8 23. Qc7 Rac8 24. Qg3+ Kh8 25.
Qh3 Rg8 26. Qh5 Be7 27. Rxc8 Rxc8 28. Qxf7 Qd6 29. Nd4 Rg8 30. Qxe6 Qxe6 31. Nxe6 Bb4 32. g3 Bxa5 33. Ra1 Re8 34. Nd4 Bc3 35. Rxa6 1-0

[Event "Early-Titled-Tuesday-Blitz-October-10-2023"]
[Site "Chess.com"]
[Date "2023.10.10"]
[Round "3"]
[White "cande_francisco"]
[Black "HeinichessPY"]
[Result "1-0"]
[WhiteElo "2544"]
[BlackElo "2215"]
[TimeControl "180+1"]
[EndTime "8:27:33 PDT"]
[Termination "cande_francisco won on time"]

1. e4 c5 2. Nf3 Nc6 3. Bb5 g6 4. Bxc6 dxc6 5. d3 Bg7 6. h3 Nf6 7. Nc3 Nd7 8. Bg5 h6 9. Be3 e5 10. Qd2 b6 11. a4 Nf8 12. a5 Rb8 13. O-O Ne6 14. Ne2 Nd4 15. Ne1 Qh4 16. f4 O-O 17. Bxd4 cxd4 18. Nf3 Qe7 19. Nxe5 Bxe5 20. fxe5 g5 21.
axb6 Rxb6 22. Nxd4 Qxe5 23. Nf3 Qg3 24. Kh1 g4 25. hxg4 Bxg4 26. Rxa7 c5 27. Nh2 Rg6 28. Qf2 Qe5 29. Rxf7 Rb8 30. Rf8+ 1-0

[Event "Early-Titled-Tuesday-Blitz-October-10-2023"]
[Site "Chess.com"]
[Date "2023.10.10"]
[Round "3"]
[White "Druid24"]
[Black "MITerryble"]
[Result "0-1"]
[WhiteElo "2709"]
[BlackElo "3015"]
[TimeControl "180+1"]
[EndTime "8:27:34 PDT"]
[Termination "MITerryble won by checkmate"]

1. d4 e6 2. c4 b6 3. Nf3 Bb7 4. g3 Nf6 5. Bg2 g6 6. O-O Bg7 7. Nc3 Ne4 8. Bd2 Nxd2 9. Qxd2 d6 10. e4 Nd7 11. Rfe1 O-O 12. Rad1 h6 13. h4 Qe7 14.
Nh2 Rad8 15. Ng4 Kh7 16. f4 c5 17. d5 Bd4+ 18. Kh1 Nf6 19. Nxf6+ Qxf6 20. Nb5 e5 21.
Nxd4 cxd4 22. Rf1 Qe7 23. f5 Bc8 24. Bh3 Rg8 25. Kh2 g5 26. f6 Qc7 27. Bf5+ Bxf5 28.
Rxf5 g4 29. b3 Rc8 30. a4 Qc5 31. Rdf1 Qa3 32. Qd3 a6 33. Rh5 Rg6 34. Rff5 b5 35.
Qd2 Qxb3 36. Rfg5 Qe3 37. Qb4 Rxc4 38. Qxd6 Qf2+ 39. Kh1 Rc1# 0-1

[Event "Early-Titled-Tuesday-Blitz-October-10-2023"]
[Site "Chess.com"]
[Date "2023.10.10"]
[Round "3"]
[White "krzyzan94"]
[Black "LeninGuerra"]
[Result "1-0"]
[WhiteElo "2786"]
[BlackElo "2564"]
[TimeControl "180+1"]
[EndTime "8:27:34 PDT"]
[Termination "krzyzan94 won by resignation"]

1. e4 c5 2. Nf3 e6 3. d4 cxd4 4. Nxd4 Nc6 5. Nc3 Qc7 6. f4 a6 7. Nxc6 bxc6 8. Bd3 d5 9. O-O Nf6 10. Qe2 h5 11. Kh1 Bb4 12. Bd2 d4 13. Na4 Bxd2 14.
Qxd2 e5 15. c3 dxc3 16. Qxc3 exf4 17. e5 Nd5 18. Qc5 Bb7 19. Bc4 O-O-O 20. Bxd5 cxd5 21.
Qa7 Kd7 22. Nc5+ Ke8 23. Nxb7 Rb8 24. Nd6+ Kd7 25. Qxa6 Rhe8 26. Qa4+ Qc6 27. Qxc6+ Kxc6 28. Nxe8 Rxe8 29. Rxf4 Rxe5 30. Rxf7 1-0

[Event "Early-Titled-Tuesday-Blitz-October-10-2023"]
[Site "Chess.com"]
[Date "2023.10.10"]
[Round "3"]
[White "Kotofeyca"]
[Black "DefiantChair"]
[Result "0-1"]
[WhiteElo "2427"]
[BlackElo "2608"]
[TimeControl "180+1"]
[EndTime "8:27:34 PDT"]
[Termination "DefiantChair won on time"]

1. d4 Nf6 2. c4 e6 3. Nf3 d5 4. Nc3 Bb4 5. Qa4+ Nc6 6. Ne5 a5 7. Nxc6 bxc6 8. a3 Bxc3+ 9. bxc3 O-O 10. Bg5 Bd7 11. Qc2 h6 12. Bxf6 Qxf6 13. e3 e5 14.
Bd3 exd4 15. cxd4 c5 16. O-O cxd4 17. exd4 c6 18. Qd2 Kh8 19. Qc3 Be6 20. c5 Qg5 21. Kh1 Qf6 22. Rab1 Rfe8 23. Be2 Bf5 24. Rbe1 Re4 25.
Bd3 Rxe1 26. Rxe1 Bxd3 27. Qxd3 Rb8 28. Kg1 g6 29. g3 Kg7 30. h4 Rb2 31. Qe3 h5 32.
Kg2 a4 33. Rd1 Kh7 34. Rd2 Rb1 35. Re2 Rb3 36. Qe7 Qf3+ 37. Kh2 Rb1 0-1

[Event "Early-Titled-Tuesday-Blitz-October-10-2023"]
[Site "Chess.com"]
[Date "2023.10.10"]
[Round "3"]
[White "Itk04"]
[Black "whiteglovethief"]
[Result "1-0"]
[WhiteElo "2761"]
[BlackElo "2554"]
[TimeControl "180+1"]
[EndTime "8:27:35 PDT"]
[Termination "Itk04 won by resignation"]

1. d4 Nf6 2. Bf4 g6 3. Nc3 Bg7 4. e4 d6 5. Qd2 Nc6 6. O-O-O O-O 7. f3 Nh5 8. Be3 e5 9. Nge2 a6 10. d5 Ne7 11. g4 Nf4 12. Nxf4 exf4 13. Bd4 Be5 14. h4 f6 15. Ne2 g5 16. hxg5 fxg5 17.
Bxe5 dxe5 18. Nc3 Rf6 19. d6 Rxd6 20. Qh2 h6 21. Qxh6 Rxh6 22. Rxd8+ Kg7 23. Rxh6 Kxh6 24. Re8 Ng6 25. Nd5 b5 26. Nxc7 Rb8 27. Nxa6 Ra8 28.
Nc7 Rb8 29. Bxb5 Nh4 30. Ba6 Bxa6 31. Rxb8 Be2 32. Rb6+ Kh7 33. Kd2 Bxf3 34. Ne6 Bxg4 35. Nxg5+ Kg7 36. a4 f3 37. Ke3 Ng2+ 38. Kf2 Nh4 39.
a5 1-0

[Event "Early-Titled-Tuesday-Blitz-October-10-2023"]
[Site "Chess.com"]
[Date "2023.10.10"]
[Round "3"]
[White "IngOscarArdila"]
[Black "Gyulamiryan-koryun"]
[Result "1-0"]
[WhiteElo "2321"]
[BlackElo "2013"]
[TimeControl "180+1"]
[EndTime "8:27:36 PDT"]
[Termination "IngOscarArdila won on time"]

1. d4 Nf6 2. c4 c5 3. d5 b5 4. Qc2 g6 5. e4 d6 6. h3 Bg7 7. cxb5 a6 8. Nc3 O-O 9. Nf3 Nbd7 10.
Bf4 Nb6 11. bxa6 Bxa6 12. Bxa6 Rxa6 13. O-O Nfd7 14. Rfe1 Qa8 15. e5 Nxd5 16. Nxd5 Qxd5 17. Red1 Qc6 18. exd6 exd6 19. Rxd6 Qb7 20. Rad1 Nf6 21. Rxa6 Qxa6 22. b3 Ra8 23. a4 h6 24. Qxc5 Kh7 25. Qc7 Qe2 26. Re1 Qb2 27. Qxf7 Rf8 28. Qb7 g5 29.
Re7 Nh5 30. Be5 Qb1+ 31. Kh2 Rg8 32. g4 Nf4 33. Rxg7+ 1-0

[Event "Early-Titled-Tuesday-Blitz-October-10-2023"]
[Site "Chess.com"]
[Date "2023.10.10"]
[Round "3"]
[White "MaxLeto"]
[Black "kingofthenil"]
[Result "0-1"]
[WhiteElo "2491"]
[BlackElo "2734"]
[TimeControl "180+1"]
[EndTime "8:27:37 PDT"]
[Termination "kingofthenil won by checkmate"]

1. g4 d5 2. Bg2 Bxg4 3. c4 d4 4.
Bxb7 Nd7 5. Bxa8 Qxa8 6. f3 Ngf6 7. Na3 e5 8. Nb5 Bd6 9. b4 O-O 10. c5 Be7 11. Qa4 Rc8 12. Nxa7 Be6 13. Ba3 Rb8 14. Qa5 Nd5 15. Rc1 Nf4 16. h4 Bxh4+ 17. Kd1 Bd8 18. Rh2 Bxa2 19. Rc2 Bb3 20. Kc1 c6 21. e3 Bxa5 22. bxa5 Bxc2 23. Kxc2 Qxa7 24. exf4 Qxa5 25. Bb2 Qa4+ 26. Kc1 Qc4+ 27. Kd1 Rxb2 28. d3 Qxd3+ 29. Ke1 Qe3+ 30. Re2 Rb1# 0-1

[Event "Early-Titled-Tuesday-Blitz-October-10-2023"]
[Site "Chess.com"]
[Date "2023.10.10"]
[Round "3"]
[White "Casper"]
[Black "Ermito2020"]
[Result "1-0"]
[WhiteElo "2444"]
[BlackElo "2590"]
[TimeControl "180+1"]
[EndTime "8:27:37 PDT"]
[Termination "Casper won by resignation"]

1. e4 e6 2. d4 d5 3. exd5 exd5 4.
Nf3 Nc6 5. Be2 Bd6 6. O-O Nge7 7.
Nc3 Bg4 8. Nb5 Qd7 9. Re1 O-O-O 10. Nxd6+ Qxd6 11. Ne5 Bxe2 12. Qxe2 Nxd4 13. Qg4+ Ndf5 14. Nxf7 Qd7 15. Bg5 g6 16. Nxh8 Rxh8 17. Bxe7 Nxe7 18.
Qd4 Rf8 19. Qg7 Re8 20. Qf7 Kd8 21. Re5 Nc8 22. Qf6+ Ne7 23. Rae1 c6 24. Re6 Qc7 25. Rxe7 Rxe7 26. Qf8+ 1-0

[Event "Early-Titled-Tuesday-Blitz-October-10-2023"]
[Site "Chess.com"]
[Date "2023.10.10"]
[Round "3"]
[White "Rsnr"]
[Black "almaguerjm"]
[Result "1-0"]
[WhiteElo "2841"]
[BlackElo "2515"]
[TimeControl "180+1"]
[EndTime "8:27:39 PDT"]
[Termination "Rsnr won by resignation"]

1. d4 Nf6 2. c4 e6 3. Nf3 d5 4. Nc3 Bb4 5. Bg5 Nbd7 6. e3 h6 7. Bh4 g5 8. Bg3 Ne4 9. Qc2 c6 10. Bd3 Qa5 11. O-O f5 12. Ne5 Nxg3 13. hxg3 Nxe5 14. dxe5 Bxc3 15. bxc3 dxc4 16. Bxc4 Qxe5 17. Rfe1 b5 18. Bb3 c5 19. f4 Qc7 20. c4 b4 21.
Ba4+ Kf7 22. e4 gxf4 23. exf5 exf5 24. Qe2 Rg8 25. Qh5+ Kg7 26. Rad1 Qf7 27. Qh4 Be6 28. Bd7 Rge8 29. Bxe8 Rxe8 30. Rd6 fxg3 31. Qxg3+ Kh7 32. Qf4 a5 33. Re5 a4 34. Qe3 f4 35. Qe4+ Bf5 36.
Rxf5 Rxe4 37. Rxf7+ Kg8 38. Ra7 1-0

[Event "Early-Titled-Tuesday-Blitz-October-10-2023"]
[Site "Chess.com"]
[Date "2023.10.10"]
[Round "3"]
[White "schack_vit"]
[Black "tdf98pantani"]
[Result "0-1"]
[WhiteElo "2453"]
[BlackElo "2631"]
[TimeControl "180+1"]
[EndTime "8:27:40 PDT"]
[Termination "tdf98pantani won by resignation"]

1. c4 e5 2. g3 Nc6 3. Bg2 g6 4. Nc3 Bg7 5. Nf3 d6 6. O-O f5 7. Rb1 Nh6 8. b4 a6 9. a4 O-O 10. b5 axb5 11. axb5 Ne7 12. d3 Nf7 13. Qb3 Be6 14. Bb2 h6 15. Ra1 Qd7 16. Nd5 g5 17. Nd2 Ng6 18. b6 Rxa1 19. Rxa1 c6 20. Nc7 Ne7 21.
Ra7 Rb8 22. Na6 Rc8 23. Nc7 Nd8 24. Ba3 Rb8 25. Nxe6 Nxe6 26. e3 Nc8 27. Ra5 Bf6 28. c5 d5 29. Bc1 Be7 30. Qc2 Bxc5 31. Rxc5 Nxc5 32. Qxc5 Qd6 33. Qxd6 Nxd6 34. Bb2 e4 35.
Be5 Rd8 36. Bxd6 Rxd6 37. d4 Rd8 38. Nb3 Ra8 39. Nc5 Ra1+ 40. Bf1 Rb1 41. Nxb7 Rxb6 42. Nc5 Kf7 43. Kg2 Rb2 44. Ba6 Ke7 45. Bb7 Kd6 46. Bc8 f4 47. gxf4 gxf4 48. exf4 Rd2 49. Kg3 Rxd4 50. Ne6 Rd3+ 51. Kg4 Rf3 52. f5 Rxf2 53. Nf4 Ke5 54. Ng6+ Kf6 55. Nf4 Rxh2 56. Bb7 Rc2 57. Nh5+ Kf7 58. Bc8 e3 59. Nf4 e2 60.
Be6+ Kf6 61. Nxe2 Rxe2 62. Kf3 Rxe6 63. fxe6 Kxe6 0-1

[Event "Early-Titled-Tuesday-Blitz-October-10-2023"]
[Site "Chess.com"]
[Date "2023.10.10"]
[Round "3"]
[White "Kirill_Klukin"]
[Black "ContrVersia"]
[Result "0-1"]
[WhiteElo "2673"]
[BlackElo "2903"]
[TimeControl "180+1"]
[EndTime "8:27:41 PDT"]
[Termination "ContrVersia won on time"]

1. d4 Nf6 2. Nf3 c5 3. e3 g6 4. Be2 Bg7 5. O-O d5 6. dxc5 O-O 7. a3 Ne4 8. Nd4 Nxc5 9. b4 Ne6 10. Bb2 Nxd4 11. Bxd4 e5 12. Bb2 Nc6 13. Nd2 Bf5 14. c4 d4 15. e4 Be6 16. c5 d3 17. Bf3 Qd7 18. Rc1 b5 19. cxb6 axb6 20. Nc4 Rab8 21. Ne3 Nd4 22. Rc3 Rfd8 23. Kh1 Nxf3 24.
Qxf3 Rbc8 25. Rd1 Rxc3 26. Bxc3 f5 27. h3 Qc6 28. Ba1 Qxe4 29. Qxe4 fxe4 30. Rd2 b5 31. Bb2 Kf7 32. Kg1 Bb3 33. Ng4 Ke6 34. f3 exf3 35.
gxf3 h5 36. Ne3 Bh6 37. Kf2 e4 38. Bc3 Rf8 0-1

[Event "Early-Titled-Tuesday-Blitz-October-10-2023"]
[Site "Chess.com"]
[Date "2023.10.10"]
[Round "3"]
[White "Hrant_ChessMood"]
[Black "FERNANDEZL1983"]
[Result "1-0"]
[WhiteElo "2941"]
[BlackElo "2522"]
[TimeControl "180+1"]
[EndTime "8:27:42 PDT"]
[Termination "Hrant_ChessMood won by checkmate"]

1. d4 Nf6 2. c4 g6 3. Nc3 Bg7 4. e4 d6 5. Be2 O-O 6. h4 c5 7.
d5 h5 8. Nf3 b5 9. cxb5 a6 10.
a4 axb5 11. Bxb5 Ba6 12. Bg5 Qa5 13. O-O Nbd7 14. Nd2 Nb6 15. Qe2 Rfb8 16. Ra3 Ra7 17.
Nb3 Bxb5 18. axb5 Qxa3 19. bxa3 Rxa3 20. Qc2 Nfd7 21. Bc1 Raa8 22. Nd1 c4 23. Nd2 Rc8 24. Ne3 c3 25. Nf3 Ra4 26. g4 hxg4 27. Nxg4 Rca8 28. h5 Ra2 29. Qd3 gxh5 30. Nh6+ Kf8 31. e5 dxe5 32. Nxf7 R8a4 33. Qf5 Rg4+ 34. Kh1 Nf6 35. N7xe5 Nxd5 36. Nxg4 hxg4 37. Qc8+ Ne8 38. Qxg4 c2 39. Ng5 Nec7 40.
Qh5 Kg8 41. Qf7+ Kh8 42. Kg2 Ra1 43. Rh1+ Bh6 44. Rxh6# 1-0

[Event "Early-Titled-Tuesday-Blitz-October-10-2023"]
[Site "Chess.com"]
[Date "2023.10.10"]
[Round "3"]
[White "dropstoneDP"]
[Black "hakanazeri2"]
[Result "1-0"]
[WhiteElo "3060"]
[BlackElo "2619"]
[TimeControl "180+1"]
[EndTime "8:27:43 PDT"]
[Termination "dropstoneDP won by resignation"]

1. Nf3 Nf6 2. c4 e6 3. g3 d5 4.
d4 Be7 5. Bg2 O-O 6. Nc3 dxc4 7.
Ne5 Nc6 8. Bxc6 bxc6 9. Nxc6 Qe8 10. Nxe7+ Qxe7 11. Qa4 Bb7 12. f3 e5 13. dxe5 Qxe5 14. Bf4 Qc5 15. Qb5 Qxb5 16. Nxb5 Nd5 17. Kf2 Ba6 18.
Nxc7 Nxc7 19. Bxc7 Rfe8 20. Rhe1 Rac8 21. Ba5 f5 22.
Bc3 Rc7 23. Rad1 Bb7 24. h3 Rce7 25. Rd4 Ba6 26. g4 fxg4 27. hxg4 Re3 28. Rd7 R3e7 29. Rxe7 Rxe7 30. Rd1 Bb5 31. Rd6 Rd7 32. Re6 Kf7 33. Re5 a6 34. Rf5+ Ke6 35. Re5+ Kf7 36. Rh5 h6 37. Rc5 g6 38. f4 Rd1 39. Rc7+ Rd7 40.
Rc8 Rd1 41. Rh8 Rh1 42. e4 Bc6 43. Rh7+ Ke6 44. f5+ gxf5 45. gxf5+ Kd6 46. e5+ Kd5 47. f6 Rh5 48. f7 Rf5+ 49. Ke1 a5 50. Bxa5 Ke6 51.
Rxh6+ Kxf7 52. Rxc6 Rxe5+ 53. Kd2 Rxa5 54. a3 Rb5 55.
Kc3 Rb3+ 56. Kc2 1-0